Map: [ESL] Amphion

Players

Astrea - Winner!

  • Race: Protoss Protoss
  • Spawn Location: 11:00

Scarlett

  • Race: Zerg Zerg
  • Spawn Location: 7:00

Event: ESL SC2 Masters 2024 Spring (Regional)

VOD

Have the link to the VOD?

Description

Time

  • Played on: May 5, 2024, 12:46 p.m.
  • Length: 9:44

All games in this series

Show
View Real Time Build Order
Export as new Build Order

Astrea Protoss - Winner!

Build Orders:  

Get SALT Encoding   

  12  0:00  Probe  
  13  0:12  Probe  
  14  0:24  Probe  
  15  0:31  Pylon  
  15  0:49  Gateway  
  15  0:50  Gateway  
  15  0:59  Gateway  
  15  1:02  Probe  
  16  1:11  Assimilator  
  16  1:14  Probe  
  17  1:24  Pylon  
  17  1:26  Probe  
  18  1:35  Zealot (Chrono Boost)  
  18  1:36  Zealot (Chrono Boost)  
  22  1:50  Zealot (Chrono Boost)  
  22  1:53  Zealot  
  24  2:00  Zealot  
  28  2:11  Cybernetics Core  
  28  2:23  Probe  
  26  2:30  Zealot (Chrono Boost)  
  28  2:39  Pylon  
  28  2:46  Probe  
  28  2:49  Adept  
  31  2:51  Adept  
  31  3:03  Warp Gate, Probe  
  32  3:17  Stalker  
  34  3:27  Nexus  
  34  3:38  Stalker  
  34  3:40  Probe  
  31  3:57  Probe  
  31  4:00  Pylon  
  31  4:02  Stalker (Chrono Boost)  
  31  4:10  Probe  
  31  4:15  Stalker (Chrono Boost)  
  33  4:17  Assimilator  
  33  4:22  Probe  
  32  4:34  Probe  
  33  4:41  Probe  
  33  4:43  Gateway  
  34  4:46  Probe  
  35  4:53  Probe  
  35  4:54  Twilight Council  
  35  4:58  Gateway  
  36  5:00  Probe  
  36  5:06  Shield Battery  
  37  5:12  Probe  
  38  5:18  Probe  
  39  5:22  Blink (Chrono Boost)  
  39  5:24  Probe  
  40  5:30  Probe  
  41  5:36  Probe  
  41  5:42  Probe  
  43  5:43  Gateway  
  43  5:48  Probe  
  44  5:54  Probe  
  44  5:56  Stalker x2  
  47  6:01  Robotics Facility  
  47  6:02  Probe  
  48  6:06  Pylon  
  48  6:08  Probe  
  49  6:11  Pylon  
  49  6:14  Probe  
  50  6:20  Probe  
  51  6:26  Probe  
  51  6:27  Stalker x2  
  51  6:31  Assimilator  
  51  6:32  Probe  
  57  6:38  Stalker, Probe  
  60  6:41  Gateway  
  60  6:45  Observer (Chrono Boost)  
  60  6:50  Gateway  
  60  6:51  Gateway  
  61  6:57  Stalker x2  
  61  7:01  Warp Prism (Chrono Boost)  
  67  7:21  Pylon  
  67  7:25  Pylon  
  67  7:28  Stalker  
  69  7:33  Nexus  
  69  7:52  Stalker x3  
  69  7:53  Stalker x2  
  69  7:54  Stalker  
  81  7:59  Pylon  
  81  8:14  Pylon  
  81  8:23  Stalker x5  
  89  8:35  Probe x2  
  89  8:41  Stalker  
  89  8:45  Probe  
  89  8:47  Probe x2  
  94  8:54  Stalker x4  
  102  8:57  Probe  
  102  9:01  Probe  
  102  9:02  Probe  
  100  9:10  Probe  
  100  9:13  Probe  
  100  9:14  Probe  
  100  9:18  Stalker x4  
  98  9:35  Stalker x2  
Show
View Real Time Build Order
Export as new Build Order

Scarlett Zerg 

Build Orders: Hatch First, Swarm Host 

Get SALT Encoding   

  12  0:00  Drone  
  13  0:12  Overlord  
  13  0:18  Drone  
  14  0:31  Drone x2  
  16  0:48  Hatchery  
  15  0:52  Drone  
  15  0:56  Drone  
  17  0:59  Drone  
  18  1:07  Extractor  
  17  1:15  Spawning Pool  
  16  1:19  Drone  
  16  1:22  Drone  
  18  1:28  Drone  
  19  1:39  Drone  
  20  1:57  Extractor  
  19  2:02  Spine Crawler, Queen  
  19  2:03  Zergling x2  
  19  2:04  Zergling x4  
  23  2:12  Zergling x2  
  20  2:30  Drone x3  
  22  2:43  Roach Warren  
  21  2:52  Drone x2  
  21  2:56  Overlord  
  23  3:06  Overlord  
  23  3:23  Roach x3  
  29  3:39  Roach  
  29  3:53  Drone x3  
  31  3:59  Ravager x2  
  32  4:21  Drone  
  32  4:22  Drone x2  
  35  4:24  Ravager  
  36  4:39  Hatchery  
  36  4:41  Ravager  
  36  4:49  Drone x2  
  38  4:58  Overlord  
  38  5:20  Roach x2  
  41  5:32  Drone x4  
  45  5:45  Overlord  
  45  5:51  Queen  
  45  5:56  Drone x2  
  46  5:57  Queen  
  46  5:58  Ravager x2  
  46  6:03  Metabolic Boost  
  50  6:14  Drone x3  
  53  6:19  Drone  
  54  6:27  Lair  
  54  6:29  Drone x2  
  56  6:35  Overlord  
  56  6:40  Hatchery  
  56  6:45  Drone x2  
  57  6:51  Overlord  
  57  6:56  Overlord  
  57  6:57  Drone x3  
  57  6:59  Drone  
  61  7:02  Drone x2  
  61  7:05  Extractor  
  61  7:07  Overlord  
  62  7:11  Drone  
  63  7:17  Overlord  
  63  7:24  Glial Reconstitution  
  63  7:26  Drone x4  
  63  7:29  Overseer, Extractor  
  66  7:32  Infestation Pit  
  66  7:33  Roach  
  71  7:37  Roach x2  
  71  7:47  Overlord  
  71  7:52  Drone  
  71  7:55  Roach x4  
  80  8:08  Swarm Host x3, Nydus Network  
  84  8:22  Swarm Host  
  84  8:25  Roach x4  
  93  8:33  Roach  
  90  8:38  Queen  
  89  8:42  Ravager x2  
  89  8:48  Nydus Canal  
  91  8:51  Overlord x3  
  87  9:00  Roach  
  87  9:01  Overlord  
  80  9:07  Overlord  
  76  9:10  Roach x4  
  76  9:17  Roach  
  82  9:22  Nydus Canal  
Tags
 
Add a new tag
Caveats
  • Supply blocks, unpowered buildings, or Contaminate may cause inaccurate times.
  • Supply counts are checked every 10 seconds.